Map: 이터널 엠파이어 - 래더

Players

SpeCial

  • Race: Terran Terran
  • Spawn Location: 7:00

Stats - Winner!

  • Race: Protoss Protoss
  • Spawn Location: 1:00

Event: IEM Katowice 2020

VOD

Have the link to the VOD?

Description

Time

  • Played on: Feb. 27, 2020, 5:30 a.m.
  • Length: 17:11

All games in this series

Show
View Real Time Build Order
Export as new Build Order

SpeCial Terran 

Build Orders: Mech, Banshee Rush 

Get SALT Encoding   

  12  0:00  SCV  
  13  0:13  SCV  
  14  0:19  Supply Depot  
  14  0:25  SCV  
  15  0:40  SCV  
  15  0:41  Barracks  
  16  0:46  Refinery  
  16  0:52  SCV  
  16  0:56  Refinery  
  17  1:04  SCV  
  18  1:16  SCV  
  19  1:29  Orbital Command, Reaper  
  20  1:42  Supply Depot  
  20  1:47  Factory  
  20  1:53  Bunker  
  20  1:56  SCV  
  21  2:01  Reaper  
  22  2:08  SCV  
  23  2:20  SCV  
  24  2:31  Factory Reactor  
  24  2:32  SCV  
  25  2:40  Command Center  
  25  2:46  Starport  
  25  2:49  SCV  
  26  2:55  Supply Depot  
  25  3:02  SCV  
  26  3:09  Hellion x2  
  30  3:14  SCV  
  31  3:23  Starport Tech Lab  
  31  3:26  SCV  
  32  3:30  Hellion x2  
  36  3:38  SCV  
  37  3:41  Cloaking Field  
  37  3:50  SCV  
  37  3:51  Banshee  
  41  3:57  Orbital Command  
  43  4:02  Widow Mine  
  43  4:06  SCV  
  44  4:16  Marine x2  
  43  4:19  SCV  
  41  4:25  Factory Tech Lab  
  41  4:30  SCV  
  41  4:31  SCV  
  35  4:34  Marine x2  
  35  4:35  Banshee  
  36  4:42  SCV  
  36  4:43  SCV  
  38  4:50  Cyclone  
  38  4:52  Marine x2  
  43  4:54  SCV  
  43  4:55  SCV  
  43  4:56  Supply Depot  
  45  5:06  SCV  
  46  5:07  SCV  
  46  5:08  Mag-Field Accelerator  
  46  5:09  Marine x2  
  49  5:18  SCV  
  49  5:19  SCV  
  49  5:20  Supply Depot  
  51  5:24  Cyclone  
  51  5:27  Marine x2  
  56  5:30  SCV  
  56  5:31  SCV  
  58  5:42  SCV, Supply Depot, Banshee  
  62  5:43  SCV  
  62  5:45  Marine x2  
  65  5:54  SCV  
  65  5:55  SCV  
  67  6:01  Cyclone  
  67  6:03  Marine x2  
  72  6:06  SCV  
  72  6:08  SCV  
  74  6:18  SCV  
  74  6:19  Command Center  
  74  6:20  SCV, Supply Depot  
  74  6:21  Marine x2  
  78  6:34  SCV x2  
  78  6:39  Marine  
  78  6:41  Cyclone  
  78  6:43  Supply Depot  
  78  6:45  Banshee  
  78  6:46  SCV x2  
  78  6:47  Supply Depot  
  82  6:52  Marine  
  83  6:57  Marine  
  83  6:58  SCV x2  
  70  7:10  Marine, SCV  
  70  7:11  SCV  
  70  7:13  Cyclone, Refinery x2  
  70  7:15  Marine  
  74  7:23  SCV x2  
  74  7:26  Factory  
  74  7:27  Marine  
  77  7:33  Marine  
  77  7:35  SCV x2  
  80  7:39  Factory  
  80  7:45  Marine  
  80  7:47  SCV  
  80  7:48  SCV, Orbital Command  
  80  7:50  Marine, Refinery  
  84  7:52  Refinery, Siege Tank  
  87  7:59  SCV  
  87  8:00  SCV  
  87  8:03  Supply Depot  
  90  8:11  SCV  
  90  8:12  SCV  
  93  8:15  SCV  
  89  8:23  SCV  
  89  8:24  SCV, Armory, Siege Tank  
  94  8:27  SCV  
  94  8:30  Supply Depot  
  94  8:32  Supply Depot  
  94  8:33  Supply Depot  
  95  8:35  SCV, Hellion x2, Siege Tank  
  95  8:36  SCV, Supply Depot  
  95  8:39  SCV  
  105  8:47  SCV  
  105  8:48  SCV  
  107  8:51  SCV  
  108  8:56  Hellion x2  
  108  8:57  Siege Tank  
  108  8:58  Armory  
  108  8:59  SCV, Supply Depot  
  108  9:00  SCV  
  108  9:02  Engineering Bay  
  117  9:03  SCV  
  117  9:04  Supply Depot  
  118  9:11  Factory x2  
  118  9:17  Hellion  
  118  9:18  Hellion  
  118  9:24  Command Center  
  122  9:28  Terran Vehicle Weapons Level 1  
  122  9:30  Siege Tank  
  125  9:32  Siege Tank  
  128  9:39  Hellion x2  
  128  9:41  Command Center  
  132  9:54  Infernal Pre-Igniter  
  132  9:56  Factory Reactor, Terran Vehicle And Ship Armor Level 1, Factory Tech Lab  
  132  10:00  Hellion x2  
  132  10:01  Sensor Tower  
  132  10:02  Missile Turret x2  
  136  10:07  Siege Tank x2  
  142  10:15  Missile Turret  
  142  10:20  Siege Tank  
  141  10:22  Hellion x2, Drilling Claws  
  138  10:38  SCV, Widow Mine x2  
  138  10:39  Siege Tank x2  
  147  10:43  Hellion x2  
  147  10:48  Missile Turret  
  147  10:49  Missile Turret  
  151  10:50  SCV  
  151  10:52  Missile Turret, Siege Tank  
  151  10:53  Missile Turret  
  155  10:59  Widow Mine x2  
  158  11:04  Widow Mine x2  
  160  11:11  Cyclone x2  
  164  11:23  Fusion Core  
  164  11:24  Starport x2  
  162  11:26  Widow Mine x2  
  162  11:27  Hellion x2  
  162  11:28  Siege Tank  
  162  11:32  SCV x3  
  171  11:42  Unknown  
  156  11:47  Widow Mine x2  
  156  11:52  Hellion x2  
  156  11:53  Siege Tank  
  148  12:02  Hellion  
  112  12:09  SCV, Hellion x2  
  112  12:10  SCV  
  112  12:12  Hellion  
  112  12:13  SCV, Hellion  
  103  12:22  SCV x2  
  105  12:23  Cyclone, Hellion  
  105  12:25  SCV  
  105  12:26  Cyclone  
  105  12:27  Starport Tech Lab x2  
  105  12:28  Starport Tech Lab, Terran Vehicle And Ship Armor Level 2  
  114  12:30  Hellion  
  114  12:34  SCV x2  
  118  12:37  SCV  
  119  12:44  Planetary Fortress  
  119  12:46  SCV x2  
  119  12:49  Battlecruiser  
  127  12:55  Hellion x2  
  127  12:57  Cyclone  
  130  12:58  SCV  
  130  12:59  SCV  
  130  13:04  Missile Turret  
  132  13:10  Battlecruiser  
  138  13:14  Hellion x2  
  138  13:15  Cyclone  
  138  13:18  Cyclone  
  148  13:25  Battlecruiser  
  152  13:27  SCV x2  
  152  13:28  SCV  
  155  13:34  Terran Ship Weapons Level 1  
  155  13:38  Widow Mine x2  
  155  13:39  Widow Mine  
  155  13:40  Cyclone  
  160  13:47  Cyclone  
  161  13:50  Cyclone  
  164  14:02  Command Center  
  164  14:03  Hellion  
  164  14:09  Battlecruiser  
  167  14:12  Cyclone  
  167  14:16  Battlecruiser  
  174  14:19  Cyclone  
  174  14:23  Hellion x3  
  181  14:25  Weapon Refit  
  181  14:28  Supply Depot  
  181  14:29  Supply Depot  
  181  14:42  Sensor Tower, Missile Turret  
  181  14:43  Hellion x2  
  181  14:44  Hellion x2  
  187  14:51  Siege Tank  
  188  14:58  Battlecruiser  
  194  15:04  Siege Tank  
  194  15:05  Cyclone  
  198  15:18  Command Center  
  198  15:19  Widow Mine  
  200  15:22  Missile Turret, Command Center  
  193  15:42  Widow Mine x2  
  197  15:43  Widow Mine  
  197  15:45  Planetary Fortress  
  197  15:48  Refinery x2  
  199  15:56  Widow Mine  
  199  16:15  Missile Turret  
  199  16:17  Missile Turret  
  189  16:29  Cyclone x2  
  188  16:36  Widow Mine  
Show
View Real Time Build Order
Export as new Build Order

Stats Protoss - Winner!

Build Orders: 1 Gate Expand, Oracle Opening, Carriers 

Get SALT Encoding   

  12  0:00  Probe  
  13  0:12  Probe  
  14  0:17  Pylon  
  14  0:25  Probe (Chrono Boost)  
  15  0:37  Probe (Chrono Boost), Gateway  
  16  0:44  Probe (Chrono Boost)  
  16  0:46  Assimilator  
  17  0:51  Probe  
  18  1:03  Probe  
  19  1:15  Probe  
  20  1:22  Nexus  
  20  1:31  Cybernetics Core  
  20  1:34  Probe  
  20  1:39  Assimilator  
  21  1:46  Probe  
  22  1:49  Pylon  
  22  1:58  Probe  
  23  2:04  Stalker (Chrono Boost)  
  25  2:11  Probe  
  25  2:16  Stargate  
  25  2:27  Probe  
  25  2:35  Probe, Stalker (Chrono Boost)  
  26  2:43  Probe  
  26  2:44  Warp Gate  
  29  2:47  Probe  
  29  2:57  Probe  
  30  2:59  Probe  
  30  3:08  Oracle (Chrono Boost)  
  30  3:12  Probe (Chrono Boost)  
  35  3:15  Probe (Chrono Boost)  
  35  3:24  Probe (Chrono Boost)  
  37  3:28  Probe (Chrono Boost)  
  37  3:29  Probe (Chrono Boost)  
  37  3:33  Pylon  
  38  3:35  Oracle (Chrono Boost)  
  38  3:36  Probe  
  38  3:38  Probe  
  43  3:48  Probe  
  44  3:50  Probe  
  45  3:57  Nexus  
  45  4:04  Phoenix  
  45  4:05  Probe  
  45  4:06  Probe  
  47  4:25  Probe  
  47  4:26  Probe  
  46  4:32  Phoenix (Chrono Boost)  
  49  4:38  Probe x2  
  50  4:48  Pylon  
  50  4:50  Probe x2  
  52  4:53  Phoenix (Chrono Boost)  
  52  4:57  Gateway x2  
  54  5:03  Assimilator  
  54  5:06  Probe x2, Assimilator  
  56  5:18  Probe x2 (Chrono Boost)  
  56  5:20  Probe (Chrono Boost)  
  61  5:28  Probe x2 (Chrono Boost)  
  61  5:32  Probe (Chrono Boost)  
  61  5:33  Probe x2 (Chrono Boost)  
  64  5:36  Pylon, Sentry  
  64  5:42  Forge, Twilight Council  
  66  5:44  Probe (Chrono Boost)  
  66  5:45  Probe (Chrono Boost)  
  66  5:46  Probe (Chrono Boost)  
  66  5:47  Gateway  
  66  5:49  Gateway, Robotics Facility  
  69  5:50  Pylon  
  69  5:56  Probe (Chrono Boost)  
  72  6:02  Probe x2 (Chrono Boost)  
  73  6:04  Probe (Chrono Boost)  
  73  6:06  Sentry x2  
  73  6:08  Adept  
  73  6:09  Probe x2, Pylon  
  73  6:10  Shield Battery  
  73  6:11  Probe  
  81  6:12  Protoss Ground Weapons Level 1 (Chrono Boost)  
  82  6:21  Probe x2  
  82  6:23  Probe  
  83  6:32  Stalker x3  
  88  6:39  Blink  
  85  6:47  Probe x3  
  85  6:51  Stalker x2  
  92  6:58  Stalker x2  
  79  7:17  Probe x3  
  79  7:19  Observer (Chrono Boost)  
  79  7:20  Shield Battery  
  82  7:29  Probe x3  
  81  7:30  Stalker x2  
  81  7:32  Zealot x3  
  81  7:34  Assimilator  
  88  7:38  Assimilator  
  88  7:41  Probe x3, Shield Battery  
  91  7:44  Phoenix (Chrono Boost)  
  93  7:54  Probe x3  
  96  8:04  Protoss Ground Armor Level 1  
  96  8:05  Phoenix  
  96  8:06  Probe x3  
  96  8:07  Stalker  
  101  8:14  Pylon  
  101  8:16  Pylon  
  101  8:18  Pylon  
  101  8:30  Immortal (Chrono Boost)  
  101  8:32  Probe x3  
  108  8:36  Gateway  
  108  8:37  Charge (Chrono Boost)  
  108  8:38  Templar Archives  
  108  8:46  Pylon  
  108  8:55  Gateway  
  108  8:57  Gateway  
  108  8:58  Gateway  
  108  9:00  Phoenix, Gateway  
  108  9:01  Warp Prism (Chrono Boost)  
  112  9:06  Probe x2  
  112  9:07  Probe  
  113  9:17  High Templar x4  
  113  9:23  Archon  
  121  9:25  Archon  
  121  9:32  Nexus  
  121  9:33  Pylon  
  121  9:36  Pylon  
  121  9:44  High Templar x2  
  125  9:46  Pylon  
  125  9:47  Pylon  
  125  9:51  Pylon, High Templar  
  125  9:52  High Templar, Zealot x5  
  139  9:53  Archon  
  139  9:55  Pylon  
  139  9:56  Archon  
  139  9:57  Photon Cannon, Observer  
  140  10:01  Protoss Ground Weapons Level 2 (Chrono Boost)  
  140  10:04  Photon Cannon  
  140  10:07  Probe x3  
  143  10:19  Observer  
  143  10:21  Stalker x4  
  152  10:34  Probe x3  
  155  10:41  High Templar x2  
  155  10:42  Zealot x4  
  167  10:43  Assimilator  
  167  10:44  Probe  
  167  10:46  Probe x3, Assimilator, Nexus  
  167  10:47  Archon  
  167  10:48  Pylon  
  171  10:52  Observer  
  172  11:02  Probe x2  
  172  11:03  Probe x2  
  176  11:10  Zealot x2  
  176  11:11  Zealot x6  
  190  11:19  Stalker x2  
  192  11:31  Observer  
  192  11:36  Stargate  
  192  11:40  Fleet Beacon  
  192  11:42  Cybernetics Core  
  192  11:44  Protoss Air Weapons Level 1 (Chrono Boost)  
  178  11:51  Zealot x7  
  182  11:54  Zealot x3  
  124  12:11  Immortal  
  124  12:12  Carrier  
  124  12:13  Carrier  
  120  12:20  Stalker x3  
  120  12:21  Stalker x7  
  138  12:35  Protoss Air Armor Level 1 (Chrono Boost)  
  138  12:40  Unknown  
  138  12:44  Stalker x4  
  141  12:46  Stalker x2  
  141  12:51  Probe x4  
  147  13:05  Probe  
  147  13:06  Probe x3  
  147  13:11  Observer  
  151  13:19  Zealot x6  
  163  13:22  Carrier (Chrono Boost)  
  169  13:31  Zealot x4  
  174  13:38  Probe x4  
  176  13:43  Photon Cannon  
  176  13:47  Protoss Air Weapons Level 2 (Chrono Boost)  
  176  13:48  Carrier (Chrono Boost)  
  181  13:56  Stargate  
  179  14:21  Carrier (Chrono Boost)  
  179  14:23  Protoss Air Armor Level 2 (Chrono Boost)  
  185  14:27  Stargate  
  185  14:29  Stargate  
  183  14:39  Photon Cannon x2  
  183  14:42  Carrier (Chrono Boost)  
  189  14:54  Nexus  
  189  14:55  Pylon  
  193  15:06  Carrier (Chrono Boost)  
  193  15:08  Photon Cannon  
  193  15:09  Observer  
  193  15:10  Protoss Shields Level 1 (Chrono Boost), Photon Cannon  
  191  15:19  Carrier  
  197  15:23  Forge  
  197  15:26  Forge  
  195  15:28  Observer  
  195  15:42  High Templar x4  
  191  15:43  Zealot x2  
  191  15:46  Archon x2  
  199  15:50  Photon Cannon  
  199  15:51  Photon Cannon  
  199  15:53  Photon Cannon  
  189  15:57  Photon Cannon  
  189  16:01  Pylon  
  187  16:06  Zealot x6  
  199  16:11  Assimilator  
  199  16:15  Assimilator  
  177  16:34  Stalker x8  
  177  16:35  Stalker x2  
  171  17:00  Zealot x9  
  171  17:01  Zealot  

Tags
 
Add a new tag
Caveats
  • Supply blocks, unpowered buildings, or Contaminate may cause inaccurate times.
  • Supply counts are checked every 10 seconds.